AoeStats
← Babe_Gutot

Highland

504610002Analyzed
2v2 RM · 26d ago on Sep 5, 2026· 33m 18s· 4 players
Game mode
Random Map
Map size
Medium (4 player)
Population
200
Speed
Normal
Resources
Standard
Victory
Conquest
Starting age
Dark Age
Ending age
Imperial Age
RankedLock teamsTeams togetherTeam positionsShared explorationLock speedFull tech treeHidden civsTurbo modeCheats
Victory
Defeat
🇲🇰 Bulgarians · North Macedonia
709
+26
🇨🇷 Spanish · Costa Rica
681
+16
🇺🇸 Mongols · United States
685
-16
🇺🇸 Italians · United States
672
-15
XFREDJRX
2:22 Loom
12:23 Feudal Age
12:53 Fishing Lines
14:46 Wheelbarrow
16:46 Forging
25:04 Castle Age
26:13 Hand Cart
25:46 Double-Bit Axe
26:46 Gillnets
26:53 Light Cavalry
28:52 Bloodlines
32:34 Elite Skirmisher
Lumbyy
10:32 Feudal Age
11:29 Double-Bit Axe
16:08 Loom
19:47 Fletching
19:56 Horse Collar
21:56 Padded Archer Armor
21:54 Gold Mining
24:17 Castle Age
25:09 Bodkin Arrow
24:43 Crossbowman
30:50 Wheelbarrow
30:03 Town Watch
31:23 Thumb Ring
Babe_Gutot
12:26 Feudal Age
12:55 Double-Bit Axe
14:33 Wheelbarrow
13:51 Horse Collar
20:14 Gold Mining
23:23 Castle Age
24:22 Hand Cart
25:19 Pikeman
26:58 Scale Barding Armor
26:55 Scale Mail Armor
27:19 Gambesons
29:36 Chain Mail Armor
29:33 Stone Mining
30:19 Gold Shaft Mining
29:54 Husbandry
30:51 Bloodlines
32:07 Heavy Plow
32:20 Bow Saw
32:47 Stone Shaft Mining
J_Leon10
7:59 Loom
11:06 Feudal Age
11:16 Man-at-Arms
21:08 Castle Age
20:43 Double-Bit Axe
31:41 Fletching
31:52 Padded Archer Armor
31:58 Scale Barding Armor
Connection lost

Rejoining the realm…

Still unreachable

The connection could not be restored.

Session expired

The server has moved on; the page needs a fresh start.